Match 45277488
Unlisted

Match 45277488
End
Construct Infanterie Kompanie
Kettenkrad Recon Vehicle
Grenadier Squad
MG 42 Machine Gun Team
Grenadier Squad
Construct Panzergrenadier Kompanie
251 Medium Carrier
Pak 40 Anti-tank Gun Team
Infanterie Officer Quarters
Support Elements
Nebelwerfer 42 Rocket Launcher Team
Nebelwerfer 42 Rocket Launcher Team
Kettenkrad Recon Vehicle
Construct Panzer Kompanie
Stoßtruppen Squad
Selects Mechanized Battlegroup
Selects Raid Package
Selects 8 Rad Armored Car
Selects UNKNOWN (2160084)
Panther Heavy Tank
MG 42 Bunker
Panther Heavy Tank
Panzer Officer Quarters
Pioneer Squad
Selects Mobile Repair Stations
Selects Stoßtruppen Assault Package
Selects Zeroing Artillery Barrage
Kettenkrad Recon Vehicle
Zeroing Artillery Barrage
StuG III G Assault Gun
Pioneer Squad
Panther Heavy Tank
MG 42 Bunker
Medical Station
Bartolomaeus Bart
soda soda
nre_nuker
Danh Vo
Herald of Tzeench
PresidentBeluga
.
Noch
0
0

Comments sign in to comment!

No comments posted yet!